 Dungeon Crawl Stone Soup version 0.21-a0-528-gf531e82 (webtiles) character file.

14614 Chish the Fighter (level 11, -4/108 HPs)
             Began as a Pale Draconian Wizard on Dec 8, 2017.
             Was a High Priest of Okawaru.
             Slain by a komodo dragon (22 damage)
             ... on level 3 of the Lair of Beasts.
             The game lasted 00:43:54 (17387 turns).

Chish the Fighter (Pale Draconian Wizard)          Turns: 17387, Time: 00:43:56

Health: -4/108     AC: 14    Str: 10    XL:     11   Next: 91%
Magic:  10/17      EV: 14    Int: 20    God:    Okawaru [*****.]
Gold:   330        SH:  0    Dex: 11    Spells: 11/18 levels left

rFire    . . .     SeeInvis .   G - +4 battleaxe (freeze)
rCold    + . .     Gourm    .   (shield currently unavailable)
rNeg     . . .     Faith    .   (armour unavailable)
rPois    .         Spirit   .   r - +2 hat
rElec    .         Reflect  .   K - +1 cloak
rCorr    .         Harm     .   u - +2 pair of gloves
MR       .....                  (no boots)
Stlth    ++........             (no amulet)
HPRegen  0.28/turn              w - ring of protection from cold
MPRegen  0.15/turn              (no ring)

@: marked
A: breathe steam, unfitting armour, cold-blooded, AC +7
a: Breathe Steam, Heroism, Finesse, Renounce Religion


You were on level 3 of the Lair of Beasts.
You worshipped Okawaru.
Okawaru was extremely pleased with you.
You were hungry.

You visited 3 branches of the dungeon, and saw 14 of its levels.

You collected 714 gold pieces.
You spent 384 gold pieces at shops.

Inventory:

Hand Weapons
 a - a +0 trident of venom
 b - a +0 flail of draining
 E - a +0 broad axe
 F - a +0 dagger of electrocution
 G - a +4 battleaxe of freezing (weapon)
 J - a +0 flail of venom
 M - a +0 triple sword of venom
Armour
 i - a +0 buckler
 r - a +2 hat (worn)
 u - a +2 pair of gloves (worn)
 K - a +1 cloak (worn)
Jewellery
 w - a ring of protection from cold (left hand)
Wands
 l - a wand of scattershot (4)
 y - a wand of iceblast (11)
 A - a wand of paralysis (5)
 O - a wand of digging (15)
 P - a wand of random effects (25)
 W - a wand of flame (35)
Scrolls
 e - a scroll of magic mapping
 j - a scroll of noise {unknown}
 x - 6 scrolls of teleportation
 B - 2 scrolls of remove curse {@r2}
 H - a scroll of blinking {unknown}
 L - a scroll of enchant weapon {unknown}
 S - a scroll of fog {unknown}
 T - a scroll of summoning {unknown}
Potions
 d - 2 potions of mutation {unknown}
 k - a potion of ambrosia
 m - 4 potions of agility
 o - 2 potions of magic
 p - 3 potions of flight
 q - a potion of invisibility
 s - a potion of degeneration {unknown}
 t - 2 potions of lignification {unknown}
 v - a potion of curing
 z - 2 potions of might
 C - a potion of brilliance
 I - 2 potions of cancellation {unknown}
 N - a potion of haste {unknown}
 R - a potion of berserk rage {unknown}
 V - a potion of resistance {unknown}
Books
 D - a book of Minor Magic

   Spells                             Type                      Level
   a - Magic Dart                     Conjuration                  1
   b - Blink                          Translocation                2
   c - Call Imp                       Summoning                    2
   d - Slow                           Hexes                        2
   e - Conjure Flame                  Conjuration/Fire             3
   f - Mephitic Cloud                 Conjuration/Poison/Air       3
Comestibles
 c - 3 bread rations
 g - 8 fruits
 h - 3 meat rations
 n - 2 royal jellies
 U - 4 chunks of flesh


   Skills:
 + Level 13.9 Fighting
 * Level 9.2 Axes
 - Level 5.0 Dodging
 - Level 1.7 Stealth
 - Level 4.0 Shields
 - Level 4.1 Spellcasting
 - Level 1.0 Conjurations
 - Level 4.0 Summonings
 - Level 3.0 Translocations
 - Level 6.0 Air Magic
 - Level 2.6 Invocations


You had 11 spell levels left.
You knew the following spells:

 Your Spells              Type           Power        Failure   Level  Hunger
a - Magic Dart            Conj           #...         9%          1    None
b - Blink                 Tloc           N/A          5%          2    #......
c - Summon Lightning Spi  Summ/Air       ###.....     16%         4    ####...


Dungeon Overview and Level Annotations

Branches:
Dungeon (10/15)            Temple (1/1) D:5            Lair (3/6) D:10
    Orc (0/2) D:9
  Swamp: Lair:2-4    Shoals: Lair:2-4     Snake: Lair:2-4    Spider: Lair:2-4

Altars:
Ashenzari
Dithmenos
Elyvilon
Fedhas
Gozag
Hepliaklqana
Kikubaaqudgha
Makhleb
Nemelex Xobeh
Okawaru
Qazlal
Ru
Sif Muna
Trog
Uskayaw
Vehumet
Wu Jian
Xom
Yredelemnul
Zin
The Shining One

Shops:
D:6 (   D:7 !

Annotations:
D:3 exclusion: downstairs
D:4 exclusion: worker ant, Grinder
D:7 5 exclusions
Lair:1 exclusion: downstairs


Innate Abilities, Weirdness & Mutations

You can breathe blasts of scalding, opaque steam.
Your pale cyan-grey scales are hard. (AC +7)
You cannot fit into any form of body armour.
You are cold-blooded and may be slowed by cold attacks.


Message History

The bolt of electricity hits the elephant.
The elephant dies!
Okawaru is honoured by your kill. The komodo dragon bites you!!
* * * LOW HITPOINT WARNING * * *
Unknown command.
The spiny frog stings you!
* * * LOW HITPOINT WARNING * * *
You feel much better. The spiny frog stings you!
* * * LOW HITPOINT WARNING * * *
The komodo dragon bites you.
* * * LOW HITPOINT WARNING * * *
As you read the scroll of fear, it crumbles to dust.
You assume a fearsome visage.
Your lightning spire is unaffected.
The komodo dragon easily resists.
The porcupine looks frightened!
The spiny frog looks frightened!
You are feeling hungry.
The komodo dragon bites you!!
You die...

#.### #...#......P# #....
#...........## ##....#
#.....<....>.#
#......##.#............#
#......P.#......#......#
..#............#P......
#..#..........#P......
...###.........##.P.....
#.............@..#.#.....
P .............l..#......
..........#..F..........
..........#.............
...........8.$†..r......
..............†.........
.......................
.....................?
.....................


You could see a komodo dragon, a spiny frog (fleeing), a porcupine (fleeing) and
a friendly lightning spire.

Vanquished Creatures
  A two-headed ogre (D:10)
  An unseen horror (D:9)
  Pikel (D:7)
  2 elephants (Lair:3)
  A black mamba (Lair:2)
  3 spiny frogs
  2 komodo dragons (Lair:2)
  The ghost of robertstho the Magician, a novice DEAE (D:7)
  A troll (D:10)
  4 dream sheep (D:10)
  4 hippogriffs
  13 yaks
  A hungry ghost (D:6)
  A basilisk (Lair:2)
  8 water moccasins
  4 porcupines
  4 orc warriors
  3 slaves (D:7)
  A hornet zombie (D:6)
  3 ice beasts
  A black bear (D:8)
  4 ogres
  A sky beast (D:8)
  4 necrophages
  2 crocodiles (Lair:2)
  7 bullfrogs
  A wyvern zombie (D:10)
  A scorpion (D:9)
  A water moccasin skeleton (D:5)
  4 killer bees (D:9)
  3 wights (D:10)
  4 howler monkeys
  5 crimson imps
  A bullfrog zombie (D:10)
  A jelly (D:5)
  2 hounds
  2 orc priests (D:8)
  A gnoll shaman (D:8)
  A centaur skeleton (D:7)
  7 orc wizards
  A bullfrog skeleton (D:6)
  5 iguanas
  8 worker ants
  A killer bee zombie (D:7)
  3 gnolls (D:8)
  11 adders
  4 adder zombies
  An adder skeleton (D:6)
  3 worms
  9 leopard geckos
  46 orcs
  11 bats
  2 giant cockroaches (D:1)
  4 goblins
  5 hobgoblins
  4 jackals (D:9)
  2 quokkas
  2 ball pythons
  4 frilled lizards
  16 kobolds
  A quokka zombie (D:5)
  12 rats
  A bush (D:3)
  A fungus (Lair:2)
269 creatures vanquished.

Vanquished Creatures (collateral kills)
  An elephant (Lair:3)
  A black mamba (Lair:2)
  3 spiny frogs
  A dream sheep (D:10)
  2 yaks (Lair:1)
  A basilisk (Lair:1)
  A hungry ghost (D:10)
  2 water moccasins (Lair:1)
  An orc warrior (D:10)
  4 bullfrogs
  2 wights (D:10)
  An orc wizard (D:8)
  9 orcs
29 creatures vanquished.

Grand Total: 298 creatures vanquished

Notes
Turn   | Place    | Note
-------+----------+-------------------------------------------
     0 | D:1      | Chish the Draconian Wizard began the quest for the Orb.
     0 | D:1      | Reached XP level 1. HP: 14/14 MP: 4/4
   131 | D:1      | Reached skill level 1 in Fighting
   384 | D:1      | Reached XP level 2. HP: 23/24 MP: 6/6
   548 | D:1      | Reached skill level 2 in Fighting
   763 | D:1      | Learned a level 2 spell: Blink
  1052 | D:2      | Reached XP level 3. HP: 30/30 MP: 4/7
  1198 | D:2      | Reached skill level 3 in Fighting
  2200 | D:2      | Reached XP level 4. HP: 40/40 MP: 8/8
  3071 | D:3      | Reached skill level 4 in Fighting
  3911 | D:4      | Noticed Grinder
  4051 | D:4      | Reached XP level 5. HP: 35/47 MP: 9/9
  4143 | D:5      | Entered Level 5 of the Dungeon
  4165 | D:5      | Reached skill level 5 in Fighting
  4187 | D:5      | HP: 12/48 [adder (3)]
  4415 | D:5      | Found a staircase to the Ecumenical Temple.
  4419 | Temple   | Entered the Ecumenical Temple
  4733 | Temple   | Became a worshipper of Warmaster Okawaru
  4762 | D:5      | Reached XP level 6. HP: 57/57 MP: 10/10
  4804 | D:5      | Reached skill level 6 in Fighting
  5085 | D:5      | Reached skill level 7 in Fighting
  5141 | D:5      | Reached * piety under Okawaru
  5314 | D:5      | Your scales start taking on a pale cyan-grey colour.
  5314 | D:5      | Reached XP level 7. HP: 63/66 MP: 11/11
  5418 | D:5      | Reached skill level 8 in Fighting
  5733 | D:6      | Noticed a hungry ghost
  5772 | D:6      | HP: 13/66 [hornet zombie (11)]
  5961 | D:6      | Reached skill level 9 in Fighting
  6119 | D:6      | Found Nixorgh's Antique Weapon Shop.
  6206 | D:7      | Noticed robertstho's ghost (novice DEAE)
  6248 | D:7      | Killed robertstho's ghost
  6248 | D:7      | Reached ** piety under Okawaru
  6248 | D:7      | Reached skill level 10 in Fighting
  6248 | D:7      | Reached XP level 8. HP: 44/79 MP: 12/12
  6601 | D:7      | Noticed Pikel
  6696 | D:7      | Found Nicsarru's Distillery.
  6701 | D:7      | Bought a potion of curing for 48 gold pieces
  6701 | D:7      | Bought a potion of invisibility for 128 gold pieces
  6701 | D:7      | Bought a potion of agility for 64 gold pieces
  6803 | D:7      | Learned a level 4 spell: Summon Lightning Spire
  6858 | D:7      | Noticed a hippogriff
  6931 | D:6      | Reached skill level 1 in Air Magic
  8054 | D:8      | Noticed a hippogriff
  8067 | D:8      | Killed a hippogriff
  8123 | D:8      | Reached XP level 9. HP: 85/85 MP: 13/13
  8225 | D:8      | Reached skill level 11 in Fighting
  8364 | D:8      | Reached *** piety under Okawaru
  8434 | D:8      | Reached skill level 1 in Invocations
  8578 | D:8      | Reached skill level 5 in Air Magic
  8879 | D:7      | Killed Pikel
  8879 | D:7      | Reached **** piety under Okawaru
  8879 | D:7      | Reached skill level 1 in Axes
  8896 | D:7      | Bought a potion of brilliance for 64 gold pieces
  8896 | D:7      | Bought a potion of heal wounds for 80 gold pieces
  8968 | D:8      | Got an ebony great sword
  8969 | D:8      | Identified the cursed +1 great sword "Geptailo" {venom, rPois Stlth+} (You found it on level 8 of the Dungeon)
 10576 | D:9      | Killed an unseen horror
 10576 | D:9      | Reached XP level 10. HP: 43/97 MP: 14/14
 11235 | D:9      | Reached skill level 12 in Fighting
 11510 | D:9      | Found a staircase to the Orcish Mines.
 11688 | D:10     | Entered Level 10 of the Dungeon
 11800 | D:10     | Found a staircase to the Lair.
 11853 | D:10     | Reached skill level 1 in Shields
 11932 | D:10     | Reached ***** piety under Okawaru
 12295 | D:10     | Reached skill level 5 in Axes
 12735 | D:10     | Noticed a two-headed ogre
 13009 | D:10     | Killed a two-headed ogre
 13105 | Lair:1   | Entered Level 1 of the Lair of Beasts
 13287 | D:10     | HP: 24/98 [poisoned by a water moccasin]
 13853 | Lair:1   | Noticed a spiny frog
 13861 | Lair:1   | Killed a spiny frog
 13991 | Lair:1   | Reached XP level 11. HP: 90/106 MP: 10/15
 14277 | Lair:1   | HP: 22/106 [yak (10)]
 14278 | Lair:1   | HP: 9/106 [yak (13)]
 14279 | Lair:1   | Reached skill level 13 in Fighting
 14283 | Lair:1   | HP: 14/107 [yak (10)]
 14305 | Lair:1   | HP: 11/107 [bullfrog (3)]
 15632 | Lair:2   | Received a gift from Okawaru
 15915 | Lair:2   | Reached skill level 5 in Dodging
 16384 | Lair:2   | HP: 26/107 [poisoned by a spiny frog]
 17378 | Lair:3   | A sentinel's mark forms upon you.
 17383 | Lair:3   | HP: 24/108 [komodo dragon (19)]
 17385 | Lair:3   | HP: 11/108 [spiny frog (14)]
 17387 | Lair:3   | Slain by a komodo dragon

Vault maps used:
D:1:      lemuel_arrival_funnel, minmay_cut_off
D:3:      lexackson_kobold_supper
D:4:      kennysheep_mini, uniq_grinder, uniq_natasha
D:5:      minmay_temple_entry_grid, first_bread
D:6:      serial_shops, shop, serial_bayou_pond_e
D:7:      serial_undead, serial_undead_f, serial_undead_d, serial_undead_e,
          serial_undead_c, serial_undead_f, serial_shops, shop, fountainhead,
          uniq_pikel
D:8:      special_room
D:9:      hiddenorc1_lemuel
D:10:     lair_entry_dummy
Temple:   roderic_octagonal_lattice_temple
Lair:1:   grunt_megastairs_2, serial_bayou_shore_a
Lair:3:   infiniplex_staircase_pool_2, minmay_lair_oklob_chamber

Skill      XL: |  1  2  3  4  5  6  7  8  9 10 11 |
---------------+----------------------------------+-----
Fighting       | 1 2 3 4 5 7 10 11 12 13 | 13.9
Translocations | 2 3 |  3.0
Air Magic      | 3 5 6 |  6.0
Summonings     | 3 4 |  4.0
Invocations    | 2 |  2.6
Axes           | 3 6 9 |  9.2
Dodging        | 2 4 5 |  5.0
Shields        | 4 |  4.0
Spellcasting   | 4 |  4.1
Stealth        | |  1.7
Conjurations   | |  1.0

Action                   |  1- 3 |  4- 6 |  7- 9 | 10-12 || total
-------------------------+-------+-------+-------+-------++-------
Melee: Spear             |   183 |    19 |       |       ||   202
       Tailslap          |     6 |    36 |    35 |    69 ||   146
       Dagger            |       |   256 |   279 |     8 ||   543
       Whip              |       |       |     1 |     5 ||     6
       Trident           |       |       |   127 |   449 ||   576
       Flail             |       |       |       |    12 ||    12
       Battleaxe         |       |       |       |    80 ||    80
 Cast: Magic Dart        |    40 |    19 |    12 |    28 ||    99
       Blink             |       |       |     1 |       ||     1
       Summon Lightning  |       |       |     5 |    20 ||    25
Invok: Heroism           |       |       |       |    16 ||    16
       Finesse           |       |       |       |     1 ||     1
 Abil: Breathe Steam     |       |       |     2 |       ||     2
Evoke: Wand              |       |       |    12 |       ||    12
  Use: Potion            |       |     1 |     4 |     4 ||     9
       Scroll            |       |       |    13 |     4 ||    17
 Stab: Sleeping          |     5 |     1 |       |     2 ||     8
       Paralysed         |       |       |    19 |       ||    19
       Distracted        |       |       |       |     2 ||     2
  Eat: Chunk             |     4 |     5 |    10 |    15 ||    34
       Fruit             |       |     1 |     2 |     1 ||     4
       Meat ration       |       |     1 |       |     1 ||     2
       Bread ration      |       |       |     2 |     2 ||     4
Armor: Skin              |    39 |    63 |   156 |   201 ||   459
Dodge: Dodged            |    80 |   141 |   215 |   323 ||   759
Block: Buckler           |       |       |       |    82 ||    82

Table legend:
 A = Spawn XP
 B = Non-spawn XP
 C = Spawn XP percentage of total XP
 D = Spawn monster count
 E = Non-spawn monster count
 F = Spawn count percentage of total count
 G = Total turns spent on level
                    A         B        C        D         E        F      G
               +---------+---------+-------+---------+---------+-------+---------
         Total |       0 |   20878 |   0.0 |       0 |     293 |   0.0 | 17387
               +---------+---------+-------+---------+---------+-------+---------
           D:1 |       0 |      38 |   0.0 |       0 |      24 |   0.0 |  1017
           D:2 |       0 |      67 |   0.0 |       0 |      24 |   0.0 |  1559
           D:3 |       0 |      79 |   0.0 |       0 |      23 |   0.0 |  1405
           D:4 |       0 |      51 |   0.0 |       0 |       3 |   0.0 |   164
           D:5 |       0 |     714 |   0.0 |       0 |      24 |   0.0 |  1180
           D:6 |       0 |     892 |   0.0 |       0 |      13 |   0.0 |  1299
           D:7 |       0 |    1182 |   0.0 |       0 |       9 |   0.0 |  1167
           D:8 |       0 |    1535 |   0.0 |       0 |      46 |   0.0 |  1873
           D:9 |       0 |    1971 |   0.0 |       0 |      46 |   0.0 |  1777
          D:10 |       0 |    4202 |   0.0 |       0 |      31 |   0.0 |  2043
        Lair:1 |       0 |    4083 |   0.0 |       0 |      26 |   0.0 |  2015
        Lair:2 |       0 |    3890 |   0.0 |       0 |      17 |   0.0 |  1470
        Lair:3 |       0 |    2174 |   0.0 |       0 |       7 |   0.0 |    89
               +---------+---------+-------+---------+---------+-------+---------
